 Dungeon Crawl Stone Soup version 0.30.0-15-g856e2d3f33 (webtiles) character file.

Game seed: 11127727273929280044

43 browni3141 the Caller (level 3, -3/24 HPs)
             Began as a Mummy Summoner on May 19, 2023.
             Slain by a black bear (6 damage)
             ... on level 4 of the Dungeon.
             The game lasted 00:05:02 (501 turns).

browni3141 the Caller (Mummy Summoner)               Turns: 501, Time: 00:05:02

Health: -3/24      AC:  2    Str: 11    XL:     3   Next: 37%
Magic:  0/7        EV: 12    Int: 16    God:
Gold:   24         SH:  0    Dex: 12    Spells: 2/8 levels left

rFire   x . .        d - +0 spear
rCold   + . .        (no shield)
rNeg    + + +        a - +0 robe
rPois   ∞            (no helmet)
rElec   .            (no cloak)
rCorr   .            (no gloves)
SInv    .            (no boots)
Will    .....        c - amulet of the acrobat
Stlth   ++           (no ring)
HPRegen 0.24/turn    (no ring)
MPRegen 0.10/turn

%: acrobat, faith
@: no status effects
A: cold resistance 1, negative energy resistance 3, torment resistance 2, heat
vulnerability 1, in touch with death 1, no potions, faith
a: no special abilities


You were on level 4 of the Dungeon.
You visited 1 branch of the dungeon, and saw 4 of its levels.

You collected 24 gold pieces.

Inventory:

Hand Weapons
 d - a +0 spear (weapon)
Missiles
 J - 3 poisoned darts
Armour
 a - a +0 robe (worn)
Jewellery
 c - an amulet of the acrobat (around neck)
Scrolls
 b - a scroll of identify {unknown}
 e - a scroll of teleportation {unknown}
 f - a scroll of fog {unknown}
 K - a scroll of blinking {unknown}
 L - a scroll of noise {unknown}
 M - a scroll of enchant armour {unknown}


   Skills:
 + Level 0.2 Fighting
 - Level 2.0 Dodging
 - Level 2.1 Stealth
 + Level 3.3 Spellcasting
 * Level 3.6 Summonings


You had 2 spell levels left.
You knew the following spells:

 Your Spells              Type           Power      Damage    Failure   Level
a - Call Canine Familiar  Summ           14%        N/A       12%         3
x - Call Imp              Summ           28%        N/A       6%          2
z - Summon Small Mammal   Summ           56%        N/A       4%          1

Your spell library contained the following spells:

 Spells                   Type           Power      Damage    Failure   Level
 Summon Guardian Golem    Hex/Summ       8%         N/A       26%         3
 Summon Lightning Spire   Summ/Air       8%         N/A       65%         4


Dungeon Overview and Level Annotations

Branches:
Dungeon (4/15)
 Temple: D:4-7

Altars:

Shops:
D:2 ?

Annotations:
D:1 1 transporter
D:3 exclusion: 2 orcs


Innate Abilities, Weirdness & Mutations

You are immune to poison.
Your flesh is cold resistant. (rC+)
You are immune to negative energy. (rN+++)
You are immune to unholy pain and torment.
You are vulnerable to heat. (rF-)
You are in touch with the powers of death.
You do not drink.
You have a special connection with the divine. (Faith)


Message History

Your cerulean imp barely misses the black bear.
You could not reach far enough!
The black bear closely misses your cerulean imp. x3
You reach to attack!
You hit the black bear but do no damage.
The black bear is lightly wounded.
The black bear bites your hound. The black bear misses your hound.
The black bear claws your hound.
Your hound bites the black bear.
You could not reach far enough!
Your hound bites the black bear but does no damage.
The black bear barely misses your hound.
The black bear claws your hound. The black bear misses your hound.
Your hound bites the black bear.
Casting: Call Canine Familiar (quite dangerous; 12% risk of failure)
Confirm with . or Enter, or press ? or * to list all spells.
A tiny devil pulls itself out of the air.
The black bear bites your hound.
The black bear barely misses your hound. x2
Your hound bites the black bear.
You could not reach far enough!
Your hound barely misses the black bear.
The black bear barely misses your hound.
The black bear claws your hound but does no damage.
The black bear claws your hound.
Your hound bites the black bear.
You could not reach far enough!
The black bear bites your hound.
Your hound dies!
Your hound's corpse disappears in a puff of smoke!
Your cerulean imp closely misses the black bear.
You hit the black bear but do no damage.
The black bear is heavily wounded.
Your cerulean imp hits the black bear but does no damage.
The black bear closely misses you. The black bear misses you. x2
Your cerulean imp hits the black bear with a -3 spear.
The black bear closely misses your cerulean imp. x3
You could not reach far enough!
Your cerulean imp hits the black bear but does no damage.
The black bear bites your cerulean imp.
The black bear closely misses your cerulean imp.
The black bear misses your cerulean imp.
You reach to attack!
You hit the black bear.
The black bear is severely wounded.
Your cerulean imp barely misses the black bear.
The black bear closely misses your cerulean imp.
The black bear claws your cerulean imp but does no damage. x2
You could not reach far enough!
Your cerulean imp hits the black bear with a -3 spear.
The black bear bites your cerulean imp.
The black bear claws your cerulean imp but does no damage.
The black bear claws your cerulean imp.
You reach to attack!
You closely miss the black bear.
The black bear is severely wounded.
Your cerulean imp hits the black bear but does no damage.
The black bear bites your cerulean imp. The black bear claws your cerulean imp.
The black bear closely misses your cerulean imp.
Your cerulean imp closely misses the black bear.
You could not reach far enough!
The black bear bites your cerulean imp.
Your cerulean imp dies!
Your cerulean imp disappears in a puff of smoke!
Casting: Call Imp (safe; 6% risk of failure)
Confirm with . or Enter, or press ? or * to list all spells.
Okay, then.
The black bear goes berserk!
The black bear rages.
You reach to attack!
You hit the black bear but do no damage.
The black bear is severely wounded.
The black bear bites you. The black bear misses you. The black bear claws you!
Casting: Call Imp (safe; 6% risk of failure)
Confirm with . or Enter, or press ? or * to list all spells.
The spell is quite dangerous to miscast (12% risk of failure)!
Continue anyway?
The black bear bites you!
* * * LOW HITPOINT WARNING * * *
The black bear closely misses you. The black bear barely misses you.
The black bear barely misses you. The black bear claws you.
* * * LOW HITPOINT WARNING * * *
The black bear completely misses you.
Your hound bites the black bear but does no damage.
The black bear misses you. x3
Your hound bites the black bear.
The black bear misses your hound.
The black bear closely misses your hound.
The black bear claws your hound.
Your hound closely misses the black bear.
Reach: d) +0 spear
Press: ? - help, Dir - move target, f/p - black bear
Aim: a black bear (severely wounded, berserk, not watching you, ally target, about 33% to evade your +0 spear)
You reach to attack!
You hit the black bear but do no damage.
The black bear is severely wounded.
The black bear bites your hound!
The black bear barely misses your hound.
The black bear claws your hound.
Your hound dies!
Your hound's corpse disappears in a puff of smoke!
The black bear rages.
Unknown command.
You are too injured to fight recklessly!
You barely miss the black bear.
The black bear is severely wounded.
The black bear barely misses you. The black bear claws you.
You die...

#...<.# #.....#
#.....# #.....#
#.....#
#.....######
#.....<....#
#........h.#
######...@.#
#....'.....#
#....#.....#
#....#.........
#... #.........
#...
+.......... ###
#..........
...........
..........


You could see a black bear (berserk).

Vanquished Creatures
  An orc (D:3)
  An endoplasm (D:3)
  3 bats
  2 goblins (D:3)
  2 rats
9 creatures vanquished.

Vanquished Creatures (collateral kills)
  An adder (D:2)
  A dart slug (D:3)
  2 orcs (D:3)
  A bat (D:3)
  4 endoplasms
  A giant cockroach (D:3)
  2 goblins (D:2)
  3 hobgoblins
  2 rats
17 creatures vanquished.

Grand Total: 26 creatures vanquished

Notes
Turn   | Place    | Note
-------+----------+-------------------------------------------
     0 | D:1      | browni3141 the Mummy Summoner began the quest for the Orb.
     0 | D:1      | Reached XP level 1. HP: 13/13 MP: 4/4
    75 | D:2      | Found Anuuh's Magic Scroll Emporium.
   100 | D:2      | Reached skill level 3 in Spellcasting
   100 | D:2      | Reached XP level 2. HP: 2/19 MP: 0/6
   103 | D:2      | Learned a level 2 spell: Call Imp
   275 | D:3      | Gained mutation: You are in touch with the powers of death.
                  | [Mummy growth]
   275 | D:3      | Reached XP level 3. HP: 22/24 MP: 7/7
   329 | D:3      | Learned a level 3 spell: Call Canine Familiar
   474 | D:4      | Noticed a black bear
   501 | D:4      | Slain by a black bear

Illustrated notes

Levels and vault maps discovered:
D:1:      spicycebolla_arrival_transporter_tutorial, layout_loops_ring,
          minmay_indecisive_spiral
D:2:      layout_basic, serial_shops, shop, basic_altar,
          uniq_crazy_yiuf_cottage, uniq_sigmund
D:3:      layout_rooms, mainiacjoe_overflow_alcove_2, serial_glass,
          glass_columns_c, glass_columns_a
D:4:      layout_gridville, gammafunk_ghost_necromancy, uniq_duvessa

Skill      XL: |  1  2  3 |
---------------+----------+-----
Spellcasting   | 3 |  3.3
Stealth        | 2 |  2.1
Dodging        | 2 |  2.0
Fighting       | |  0.2
Summonings     | |  3.6

Action                     || total
---------------------------++-------
  Melee: Unarmed           ||    11
         Spear             ||    47
         Punch             ||     1
   Cast: Summon Small Mamm ||    13
         Call Imp          ||     8
         Call Canine Famil ||     2
   Stab: Sleeping          ||     1
 Armour: Robe              ||     8
  Dodge: Dodged            ||    49
